Map: Orbital Shipyard

Players

SticklerMac - Winner!

  • Race: Zerg Zerg
  • League: Grandmaster

sablesup

  • Race: Terran Terran
  • League: Grandmaster

VOD

Have the link to the VOD?

Description

Time

  • Played on: July 18, 2015, 10:19 p.m.
  • Length: 7:27
Show
View Real Time Build Order
Export as new Build Order

SticklerMac Zerg - Winner!

Build Orders: 3 Hatch before Pool 

Get SALT Encoding   

  12  0:01  Drone  
  13  0:08  Drone  
  14  0:17  Overlord  
  14  0:42  Hatchery  
  13  0:45  Drone  
  13  0:49  Drone  
  15  0:52  Drone  
  16  1:18  Hatchery  
  15  1:20  Drone  
  15  1:22  Drone  
  17  1:29  Overlord  
  17  1:43  Spawning Pool  
  17  1:46  Drone  
  17  1:55  Drone x2  
  19  2:03  Drone x2  
  19  2:07  Extractor  
  20  2:12  Drone  
  20  2:15  Drone  
  22  2:21  Drone  
  23  2:26  Drone  
  23  2:27  Drone  
  25  2:30  Queen  
  25  2:34  Queen  
  29  2:42  Queen  
  31  2:45  Drone  
  31  2:47  Drone  
  31  2:50  Drone  
  34  2:58  Overlord x2  
  34  3:03  Overlord  
  34  3:07  Metabolic Boost  
  34  3:19  Drone x6  
  40  3:25  Drone x2  
  40  3:26  Drone  
  43  3:30  Drone  
  43  3:31  Drone  
  43  3:32  Drone  
  46  3:41  Drone x3  
  49  3:50  Evolution Chamber  
  49  3:53  Evolution Chamber  
  49  3:54  Drone  
  48  3:57  Drone x2  
  50  4:04  Zergling x2  
  50  4:05  Zergling x4  
  53  4:15  Zergling x6  
  56  4:21  Hatchery, Zerg Melee Weapons Level 1  
  55  4:24  Drone  
  55  4:26  Zergling x4  
  58  4:36  Overlord  
  58  4:37  Overlord x6  
  58  4:38  Overlord x2  
  58  4:41  Zerg Ground Armor Level 1  
  58  4:46  Overlord  
  58  4:47  Overlord  
  58  4:55  Zergling x8  
  58  4:56  Zergling x4  
  58  4:59  Baneling Nest  
  63  5:00  Drone  
  63  5:05  Zergling x2  
  63  5:06  Zergling x12  
  71  5:07  Zergling x2  
  70  5:15  Zergling x8  
  70  5:16  Zergling x4  
  76  5:23  Queen  
  76  5:24  Zergling x4  
  76  5:25  Zergling x2  
  81  5:39  Drone, Zergling x6  
  81  5:40  Zergling x20  
  95  5:47  Baneling x4  
  95  5:48  Baneling  
  95  5:50  Zergling x2  
  95  5:51  Zergling x2  
  95  5:55  Zergling x6, Baneling  
  95  5:56  Zergling x2  
  101  6:03  Zergling x2  
  101  6:04  Zergling x4  
  104  6:07  Baneling  
  104  6:10  Zergling x10  
  104  6:11  Zergling x14  
  116  6:14  Baneling  
  116  6:17  Zergling x6  
  119  6:18  Zergling x2  
  119  6:23  Zergling x2  
  119  6:24  Zergling x2  
  122  6:30  Baneling  
  122  6:31  Baneling  
  122  6:34  Zergling x2  
  122  6:35  Zergling x12  
  129  6:42  Zergling x6  
  126  7:07  Zergling x2  
  126  7:08  Zergling x32  
Show
View Real Time Build Order
Export as new Build Order

sablesup Terran 

Build Orders:  

Get SALT Encoding   

  12  0:14  Supply Depot  
  12  0:18  SCV  
  13  0:33  SCV  
  14  0:38  Barracks  
  14  0:45  SCV  
  15  0:57  SCV  
  15  0:58  Supply Depot  
  16  1:08  Refinery  
  16  1:27  Barracks  
  16  1:29  Marine  
  17  1:34  SCV  
  18  1:47  SCV  
  19  1:48  Refinery  
  19  1:49  Marine  
  20  1:59  SCV  
  21  2:11  SCV  
  22  2:17  Engineering Bay  
  22  2:25  SCV  
  23  2:33  Barracks Reactor  
  23  2:35  Marine  
  24  2:37  SCV  
  25  2:49  SCV  
  26  3:00  Missile Turret  
  26  3:03  Command Center  
  26  3:24  Barracks Reactor  
  26  3:25  Supply Depot  
  26  3:29  Missile Turret  
  26  3:30  Marine x2  
  28  3:48  Marine x2  
  28  3:49  Factory  
  30  3:57  Orbital Command  
  30  4:06  Marine x2  
  32  4:14  Bunker  
  32  4:21  Terran Infantry Weapons Level 1  
  32  4:24  Marine x2  
  32  4:29  SCV  
  35  4:41  SCV  
  35  4:42  Supply Depot  
  35  4:44  Marine x2  
  38  4:53  SCV  
  38  4:59  Missile Turret  
  39  5:01  Marine x2  
  39  5:02  Marine x2  
  39  5:06  SCV  
  44  5:19  Marine x2  
  44  5:20  Supply Depot, Marine x2  
  48  5:22  Factory Tech Lab  
  48  5:41  Orbital Command  
  48  5:45  SCV  
  49  5:57  SCV, Starport  
  50  6:10  SCV  
  51  6:15  Siege Tank  
  54  6:22  SCV  
  55  6:29  Armory  
  55  6:34  SCV  
  55  6:35  Starport  
  55  6:36  Refinery  
  55  6:39  Marine x4  
  60  6:56  Starport Reactor  
  60  6:57  Marine x4  
  64  7:03  Refinery  
Tags
 
Add a new tag
Caveats
  • Supply blocks, unpowered buildings, or Contaminate may cause inaccurate times.
  • Supply counts are checked every 10 seconds.